 Dungeon Crawl Stone Soup version 0.30.1-11-g7821555f0a (webtiles) character file.

Game seed: 15293011426729802101

117 Peloso the Covered (level 4, -1/40 HPs)
             Began as a Minotaur Fighter on Dec 30, 2023.
             Slain by a gnoll
             ... wielding a +0 flail
             ... led by a gnoll bouda
              (9 damage)
             ... on level 3 of the Dungeon.
             The game lasted 00:03:14 (1828 turns).

Peloso the Covered (Minotaur Fighter)               Turns: 1828, Time: 00:03:14

Health: -1/40      AC: 11    Str: 20    XL:     4   Next: 71%
Magic:  3/3        EV:  7    Int:  5    God:
Gold:   130        SH:  5    Dex: 12    Spells: 3/3 levels left

rFire   . . .        a - +0 double sword
rCold   . . .        d - +0 buckler
rNeg    . . .        c - +0 chain mail
rPois   .            (helmet unavailable)
rElec   .            (no cloak)
rCorr   .            (no gloves)
SInv    .            k - +0 pair of boots
Will    .....        (no amulet) Stlth
                     (no ring)
HPRegen 0.26/turn    (no ring)
MPRegen 0.08/turn

%: no passive effects
@: no status effects
A: horns 3, retaliatory headbutt, noise suppression
a: no special abilities


You were on level 3 of the Dungeon.
You visited 1 branch of the dungeon, and saw 3 of its levels.

You collected 130 gold pieces.

Inventory:

Hand Weapons
 a - a +0 double sword (weapon)
Armour
 b - a +0 scale mail
 c - a +0 chain mail (worn)
 d - a +0 buckler (worn)
 k - a +0 pair of boots (worn)
Jewellery
 m - a +4 ring of protection
 n - an amulet of faith
Scrolls
 e - 3 scrolls of vulnerability {unknown}
 f - 2 scrolls of immolation {unknown}
 h - 2 scrolls of teleportation {unknown}
 i - a scroll of identify {unknown}
 j - a scroll of torment {unknown}
 l - a scroll of blinking {unknown}
 o - a scroll of fear {unknown}
Potions
 g - 2 potions of might


   Skills:
 + Level 4.1 Fighting
 + Level 4.0 Long Blades
 + Level 4.9 Armour
 + Level 0.2 Dodging
 + Level 4.3 Shields


You had 3 spell levels left.
You didn't know any spells.
Your spell library contained the following spells:

 Spells                   Type           Power      Damage    Failure   Level
 Magic Dart               Conj           0%         1d3       99%         1
 Call Imp                 Summ           0%         N/A       100%        2
 Call Canine Familiar     Summ           0%         N/A       100%        3
 Mephitic Cloud           Conj/Pois/Air  0%         N/A       100%        3
 Ozocubu's Armour         Ice            0%         N/A       100%        3
 Portal Projectile        Hex/Tloc       0%         N/A       100%        3
 Leda's Liquefaction      Hex/Erth       0%         N/A       100%        4
 Metabolic Englaciation   Hex/Ice        0%         N/A       100%        5
 Simulacrum               Ice/Necr       0%         N/A       100%        6


Dungeon Overview and Level Annotations

Branches:
Dungeon (3/15)

Altars:


Innate Abilities, Weirdness & Mutations

You have a pair of large horns on your head.
You reflexively headbutt those who attack you in melee.
You passively dampen the noise of your surroundings.


Message History

You tear a large gash into the net.
The gnoll bouda hits you with a +0 club.
The gnoll hits you but does no damage.
You struggle against the net.
The gnoll hits you with a +0 flail.
The gnoll bouda gazes fiercely through you!
You feel your attacks grow feeble.
The gnoll bouda hits you but does no damage.
The gnoll hits you from afar with a +0 spear.
You rip the net and break free!
You block the gnoll bouda's attack. The gnoll hits you with a +0 flail.
The gnoll hits you from afar with a +0 spear.
You slash the gnoll bouda! You headbutt the gnoll bouda!
You kill the gnoll bouda!
The gnoll hits you with a +0 flail. The gnoll hits you but does no damage.
The gnoll hits you with a +0 flail.
* * * LOW HITPOINT WARNING * * *
You block the gnoll's attack.
Your Long Blades skill increases to level 4!
The gnoll attacks as you move away! The gnoll closely misses you.
Your attacks no longer feel as feeble.
Unknown command.
The gnoll attacks as you move away! The gnoll hits you but does no damage.
The gnoll attacks as you move away! You block the gnoll's attack.
The gnoll hits you with a +0 whip.
* * * LOW HITPOINT WARNING * * *
The gnoll attacks as you move away! The gnoll hits you with a +0 flail.
* * * LOW HITPOINT WARNING * * *
The gnoll attacks as you move away! The gnoll closely misses you.
You hit the gnoll but do no damage. You block the gnoll's attack.
Unknown command.
You barely miss the gnoll. You headbutt the gnoll.
The gnoll is lightly wounded.
You block the gnoll's attack.
Unknown command.
The gnoll attacks as you move away! The gnoll closely misses you.
The gnoll attacks as you move away! The gnoll barely misses you.
The gnoll attacks as you move away! The gnoll hits you with a +0 flail.
* * * LOW HITPOINT WARNING * * *
The gnoll attacks as you move away! The gnoll hits you with a +0 flail!
You die...

#.###.>...###..... #.#
#.#.##........ #.#
#.#.###..#.... #.# #.#.#
#....... #.# #.#.#
#....... #.# #.#.#
#....... #.# #.#.#
#.##.... #.#
#.#.###.##.... #@#
#.).....##.... ##### #g#
#...#......... #...###.#
##.###..####..
#.#.g.g.###..~###.# #..
#..g######~...~#..####..
##.## #...~~.#...##..
#.# ####≈≈≈≈≈≈≈..)†....
#.##..........##.#.###.
#g##.#####..####.#.###.


You could see 2 gnolls.

Vanquished Creatures
  A gnoll bouda (D:3)
  A gnoll (D:3)
  2 adders
  4 dart slugs
  An orc (D:3)
  2 ball pythons (D:1)
  8 endoplasms
  5 giant cockroaches
  5 goblins
  4 hobgoblins
  6 kobolds
  4 bats
  3 frilled lizards (D:1)
  5 rats
51 creatures vanquished.

Notes
Turn   | Place    | Note
-------+----------+-------------------------------------------
     0 | D:1      | Peloso the Minotaur Fighter began the quest for the Orb.
     0 | D:1      | Reached XP level 1. HP: 19/19 MP: 0/0
   137 | D:1      | Found a faded altar of an unknown god.
   201 | D:1      | Reached XP level 2. HP: 6/27 MP: 1/1
   359 | D:1      | You fall into a shaft and drop 1 floor!
   553 | D:2      | Reached XP level 3. HP: 33/33 MP: 2/2
  1415 | D:1      | Gained mutation: You passively dampen the noise of your
                  | surroundings. [potion of mutation]
  1415 | D:1      | Gained mutation: You have a pair of large horns on your
                  | head. [potion of mutation]
  1468 | D:3      | Reached XP level 4. HP: 35/40 MP: 3/3
  1828 | D:3      | Slain by a gnoll

Illustrated notes

Levels and vault maps discovered:
D:1:      dpeg_arrival_castle, layout_basic, ebering_ecumenical_altar_ruins
D:2:      layout_rooms
D:3:      layout_loops_ring, serial_rivers, chequers_serial_rivers_micro_e,
          chequers_serial_rivers_micro_d, chequers_serial_rivers_room_a,
          chequers_serial_rivers_marsh, chequers_serial_rivers_micro_b,
          chequers_serial_rivers_marsh

Skill      XL: |  1  2  3  4 |
---------------+-------------+-----
Armour         | 4 |  4.9
Long Blades    | 3 4 |  4.0
Shields        | 4 |  4.3
Fighting       | 4 |  4.1
Dodging        | |  0.2

Action                     |  1- 3 |  4- 6 || total
---------------------------+-------+-------++-------
  Melee: Long sword        |   104 |     4 ||   108
         Headbutt          |    12 |     3 ||    15
         Double sword      |       |     7 ||     7
    Use: Potion            |     4 |       ||     4
 Armour: Scale mail        |    13 |       ||    13
         Chain mail        |    66 |     8 ||    74
  Dodge: Dodged            |    53 |     8 ||    61
  Block: Buckler           |    27 |     7 ||    34
